 Dungeon Crawl Stone Soup version 0.20.1-1-g8b1a95d (webtiles) character file.

74 vineage the Skirmisher (level 4, -1/40 HPs)
             Began as a Draconian Berserker on Aug 19, 2017.
             Was a Believer of Trog.
             Slain by an iron imp (4 damage)
             ... summoned by Natasha
             ... on level 2 of the Dungeon.
             The game lasted 00:01:41 (679 turns).

vineage the Skirmisher (Draconian Berserker)         Turns: 679, Time: 00:01:41

Health: -1/40      AC:  5    Str: 20    XL:     4   Next: 10%
Magic:  4/4        EV: 13    Int:  8    God:    Trog [**....]
Gold:   22         SH:  0    Dex: 10    Spells: 3/3 levels left

rFire    . . .     SeeInvis .   a - +0 spear
rCold    . . .     Gourm    .   (no shield)
rNeg     . . .     Faith    .   (armour unavailable)
rPois    .         Spirit   .   (helmet restricted)
rElec    .         Reflect  .   (no cloak)
rCorr    .         Harm     .   (no gloves)
MR       .....                  (no boots)
Stlth    +.........             (no amulet)
Regen    0.2/turn               (no ring)
MPRegen  0.1/turn               (no ring)

@: slowed, very slow
A: unfitting armour, cold-blooded, AC +5
a: Berserk, Trog's Hand, Burn Spellbooks, Renounce Religion


You were on level 2 of the Dungeon.
You worshipped Trog.
Trog was pleased with you.
You were not hungry.

You visited 1 branch of the dungeon, and saw 2 of its levels.

You collected 22 gold pieces.

Inventory:

Hand Weapons
 a - a +0 spear (weapon)
Magical Staves
 c - an uncursed staff of fire {unknown}
Jewellery
 f - an uncursed amulet of faith {unknown}
Scrolls
 d - a scroll of immolation {unknown}
 h - a scroll of enchant armour {unknown}
Comestibles
 b - a bread ration


   Skills:
 + Level 4.1 Fighting
 + Level 3.9 Polearms
 + Level 3.3 Dodging
 + Level 0.2 Stealth


You had 3 spell levels left.
You didn't know any spells.

Dungeon Overview and Level Annotations

Branches:
Dungeon (2/15)

Altars:

Annotations:
D:2 Natasha


Innate Abilities, Weirdness & Mutations

Your plain brown scales are hard. (AC +5)
You cannot fit into any form of body armour.
You are cold-blooded and may be slowed by cold attacks.


Message History

Natasha stares at you and mumbles some strange words.
You resist with some effort.
You completely miss Natasha.
Natasha is heavily wounded.
Natasha claws you!
* * * LOW HITPOINT WARNING * * *
You hit Natasha.
Your tail-slap misses Natasha.
Natasha is heavily wounded.
Natasha claws you.
* * * LOW HITPOINT WARNING * * *
Natasha mumbles some strange words.
You closely miss Natasha.
Natasha is heavily wounded.
Natasha casts a spell.
As you read the scroll labeled XILIUC REKO, it crumbles to dust.
You feel blessed for a moment.
It was a scroll of remove curse.
Natasha claws you.
* * * LOW HITPOINT WARNING * * *
The iron imp hits you.
You die...

# ##...##.....## #
#####.......#..... #
#...#.......#.....
######.#.#.......#....
.........#...........
######.###........# .#
######.###........#...#
...........[.†.5@....>#
.################h#..?#
.#...#..<#### 5.. .#
............# ###..
###.........#### ..#
'.'.........'..## ..
###.........##..# ..##
###.........###.## ..#
..............#..###..##


You could see 2 iron imps and Natasha.

Vanquished Creatures
  Terence (D:2)
  An adder (D:2)
  An ooze (D:1)
  A dart slug (D:1)
  2 leopard geckos (D:1)
  5 bats
  2 giant cockroaches
  A goblin (D:1)
  4 hobgoblins
  4 jackals (D:2)
  A quokka (D:2)
  4 frilled lizards
  2 kobolds
  2 rats
31 creatures vanquished.

Notes
Turn   | Place    | Note
-------+----------+-------------------------------------------
     0 | D:1      | vineage the Draconian Berserker began the quest for the Orb.
     0 | D:1      | Reached XP level 1. HP: 19/19 MP: 1/1
   117 | D:1      | Reached XP level 2. HP: 26/26 MP: 2/2
   458 | D:2      | Noticed Terence
   464 | D:2      | Reached XP level 3. HP: 29/33 MP: 3/3
   500 | D:2      | Killed Terence
   500 | D:2      | Reached skill level 4 in Fighting
   565 | D:2      | Reached ** piety under Trog
   598 | D:2      | Reached XP level 4. HP: 31/40 MP: 4/4
   667 | D:2      | Noticed Natasha
   679 | D:2      | Slain by an iron imp

Skill      XL: |  1  2  3 |
---------------+----------+-----
Dodging        | 3 |  3.3
Fighting       | 4 |  4.1
Polearms       | |  3.9
Stealth        | |  0.2

Action                   |  1- 3 |  4- 6 || total
-------------------------+-------+-------++-------
Melee: Spear             |   109 |    15 ||   124
       Tailslap          |    14 |     2 ||    16
  Use: Potion            |     1 |     1 ||     2
       Scroll            |       |     1 ||     1
 Stab: Sleeping          |       |     1 ||     1
Armor: Skin              |    32 |     1 ||    33
Dodge: Dodged            |    53 |     5 ||    58
